 Dungeon Crawl Stone Soup version 0.29-a0-520-gc852659 (webtiles) character file.

Game seed: 8861558507504576918

14739 Toastz the Severer (level 12, -1/117 HPs)
             Began as a Hill Orc Abyssal Knight on May 31, 2022.
             Was an Elder of Lugonu.
             Slain by a five-headed hydra (5 damage)
             ... on level 2 of the Lair of Beasts.
             The game lasted 00:30:09 (18121 turns).

Toastz the Severer (Hill Orc Abyssal Knight)       Turns: 18121, Time: 00:30:09

Health: -1/117     AC: 11    Str: 21    XL:     12   Next: 19%
Magic:  14/18      EV: 12    Int: 10    God:    Lugonu [****..]
Gold:   930        SH:  0    Dex: 11    Spells: 11/11 levels left

rFire   + . .      SeeInvis .   U - +0 dire flail
rCold   + . .      Faith    .   (shield currently unavailable)
rNeg    + + .      Spirit   .   T - +0 acid dragon scales
rPois   .          Reflect  .   p - +0 helmet
rElec   +          Harm     .   d - +0 cloak
rCorr   +          Rampage  .   (no gloves)
Will    .....                   C - +0 pair of boots
Stlth   +.........              (no amulet)
HPRegen 0.29/turn               k - +4 ring of slaying
MPRegen 0.16/turn               s - ring of Vofohen {rElec rF+ rC+ rN++}

@: no status effects
A: no striking features
a: Renounce Religion, Depart the Abyss, Bend Space, Banish, Corrupt


You were on level 2 of the Lair of Beasts.
You worshipped Lugonu.
Lugonu was greatly pleased with you.
You visited 2 branches of the dungeon, and saw 13 of its levels.
You visited the Abyss 1 time.

You collected 930 gold pieces.

Inventory:

Hand Weapons
 b - a +3 battleaxe of freezing
 f - a +0 war axe
 U - a +0 dire flail (weapon)
Missiles
 c - 21 poisoned darts
 e - 280 stones
 P - 8 boomerangs (quivered)
Armour
 d - a +0 cloak (worn)
 h - a +1 ring mail of poison resistance
 p - a +0 helmet (worn)
 C - a +0 pair of boots (worn)
 G - a +0 plate armour
 I - a +0 buckler
 M - the +0 pair of boots of Lifelessness {Drain rF+++ rN+ Str-2}
   (You found it on level 7 of the Dungeon)

   Str:       It affects your strength (-2).
   rF:        It renders you almost immune to fire.
   rN:        It protects you from negative energy.
   Drain:     It drains your maximum health when unequipped.
 S - a +0 troll leather armour
 T - +0 acid dragon scales (worn)
Jewellery
 k - a +4 ring of slaying (left hand)
 s - the ring of Vofohen (right hand) {rElec rF+ rC+ rN++}
   (You found it on level 3 of the Dungeon)

   [ring of protection from fire]

   rF:        It protects you from fire.
   rC:        It protects you from cold.
   rElec:     It insulates you from electricity.
   rN:        It greatly protects you from negative energy.
 y - a ring of ice
 B - a ring of see invisible
 V - a +4 ring of evasion
Wands
 z - a wand of paralysis (8)
 D - a wand of mindburst (11)
 E - a wand of flame (24)
 K - a wand of iceblast (28)
Scrolls
 a - a scroll of identify
 r - 2 scrolls of magic mapping
 t - a scroll of summoning
 v - 4 scrolls of enchant weapon
 w - 5 scrolls of teleportation
 x - a scroll of immolation {unknown}
 A - a scroll of silence
 F - a scroll of poison
 H - a scroll of vulnerability
 J - a scroll of fear {unknown}
 L - a scroll of amnesia {unknown}
 R - 2 scrolls of enchant armour {unknown}
Potions
 g - 3 potions of invisibility
 i - 2 potions of lignification
 j - 5 potions of might
 l - 4 potions of haste
 m - 6 potions of curing
 n - 3 potions of mutation
 o - 2 potions of brilliance
 q - a potion of attraction {unknown}
 u - a potion of flight {unknown}
 Q - 2 potions of resistance {unknown}
Miscellaneous
 O - a piece from Xom's chessboard (15/15)


   Skills:
 + Level 14.2 Fighting
 - Level 16.0 Axes
 - Level 5.0 Armour
 - Level 3.0 Dodging
 - Level 5.0 Shields
 + Level 8.6 Invocations


You had 11 spell levels left.
You didn't know any spells.
Your spell library contained the following spells:

 Spells                   Type           Power      Damage    Failure   Level
 Beastly Appendage        Tmut           0%         N/A       43%         1
 Summon Small Mammal      Summ           0%         N/A       43%         1
 Ensorcelled Hibernation  Hex/Ice        0%         N/A       58%         2
 Poisonous Vapours        Pois/Air       0%         N/A       58%         2
 Sublimation of Blood     Necr           0%         N/A       58%         2
 Wereblood                Tmut           0%         N/A       58%         2
 Call Canine Familiar     Summ           0%         N/A       82%         3
 Frozen Ramparts          Ice            0%         1d2       82%         3
 Inner Flame              Hex/Fire       0%         N/A       82%         3
 Spider Form              Tmut/Pois      0%         N/A       82%         3
 Summon Guardian Golem    Hex/Summ       0%         N/A       82%         3
 Anguish                  Hex/Necr       0%         N/A       99%         4
 Cause Fear               Hex            0%         N/A       99%         4
 Corpse Rot               Necr/Pois/Air  0%         N/A       99%         4
 Hailstorm                Conj/Ice       0%         3d3       99%         4
 Ice Form                 Ice/Tmut       0%         N/A       99%         4
 Leda's Liquefaction      Hex/Erth       0%         N/A       99%         4
 Borgnjor's Vile Clutch   Necr/Erth      0%         N/A       100%        5
 Simulacrum               Ice/Necr       0%         N/A       100%        6
 Discord                  Hex            0%         N/A       100%        8
 Chain Lightning          Conj/Air       0%         N/A       100%        9


Dungeon Overview and Level Annotations

Branches:
Dungeon (11/15)            Temple (0/1) D:7            Lair (2/6) D:8
  Swamp: Lair:2-4    Shoals: Lair:2-4     Snake: Lair:2-4    Spider: Lair:2-4
    Orc: D:9-12

Altars:
Ashenzari
Cheibriados
Elyvilon
Fedhas
Hepliaklqana
Nemelex Xobeh
Okawaru
Qazlal
Sif Muna
Trog
Uskayaw
Vehumet
Wu Jian
Yredelemnul
Zin
The Shining One

Shops:
D:7 :

Annotations:
D:4 3 runed translucent doors, Radamante's ghost, amateur MiAK
D:7 1 transporter
Abyss:1 Menkaure


Message History

The five-headed hydra misses you.
You puncture the five-headed hydra!
The five-headed hydra is severely wounded.
You barely miss the five-headed hydra.
The five-headed hydra is severely wounded.
The five-headed hydra misses you.
The five-headed hydra barely misses you.
The five-headed hydra bites you!
The five-headed hydra completely misses you.
The five-headed hydra bites you but does no damage.
You completely miss the five-headed hydra.
The five-headed hydra is severely wounded.
The five-headed hydra bites you!
The five-headed hydra barely misses you.
The five-headed hydra bites you. The five-headed hydra bites you!
The five-headed hydra bites you but does no damage.
You puncture the five-headed hydra!
The five-headed hydra is severely wounded.
The five-headed hydra misses you.
The five-headed hydra bites you but does no damage.
The five-headed hydra misses you. The five-headed hydra bites you.
The five-headed hydra bites you but does no damage.
You barely miss the five-headed hydra.
The five-headed hydra is severely wounded.
The five-headed hydra bites you.
* * * LOW HITPOINT WARNING * * *
The five-headed hydra barely misses you.
The five-headed hydra bites you!
* * * LOW HITPOINT WARNING * * *
The five-headed hydra bites you but does no damage.
The five-headed hydra bites you!
* * * LOW HITPOINT WARNING * * *
Press: ? - help, Shift-Dir - straight line, f - five-headed hydra
Aim: a five-headed hydra (severely wounded, chance to affect: 54%)
The five-headed hydra resists with significant effort.
You can no longer gate yourself to the Abyss.
The five-headed hydra bites you!
* * * LOW HITPOINT WARNING * * *
The five-headed hydra misses you. The five-headed hydra bites you.
You die...

#####..#####...###.....###....
.###.##...D##.#...#..#...##.#....
.................................
.................................
.####...##..#.#.....#............
#P..P######...##.............
##..## #..####...........y ##...#
#..P##..........yDy #....##
##.@D###........yyy. #####...###
#...###.........$y##
##.##...##.####....##.........
...........................(.
.....†...............######y.
##P.##...#####..#....# †(..
######...## ##..##.### ! ##
##..P###...#### .# ##...P###..#


You could see a five-headed hydra.

Vanquished Creatures
  2 two-headed ogres (D:10)
  5 cane toads
  4 komodo dragons
  A queen bee (Lair:2)
  A troll (D:9)
  A shadow (D:9)
  3 wyverns
  16 yaks
  Grum (Lair:1)
  3 basilisks
  A steam dragon (D:7)
  An acid dragon (D:10)
  6 water moccasins
  6 orc warriors
  An ice beast (D:8)
  2 black bears
  6 ogres
  6 wolves (Lair:1)
  9 centaurs
  A phantom (D:4)
  3 kobold brigands
  9 bullfrogs
  A necrophage (D:7)
  A scorpion (D:5)
  5 wights
  13 killer bees
  4 howler monkeys
  A hound (D:6)
  A jelly (D:7)
  3 orc priests
  3 gnoll shamans
  5 iguanas
  8 orc wizards
  13 gnolls
  4 adders
  2 ufetubi (D:4)
  A worm (D:2)
  4 dart slugs
  35 orcs
  9 ball pythons
  4 bats
  9 endoplasms
  2 giant cockroaches
  8 hobgoblins
  6 jackals
  4 quokkas
  3 frilled lizards (D:3)
  9 goblins
  14 kobolds
  6 rats
266 creatures vanquished.

Vanquished Creatures (others)
  16 fungi
  19 plants
35 creatures vanquished.

Grand Total: 301 creatures vanquished

Notes
Turn   | Place    | Note
-------+----------+-------------------------------------------
     0 | Abyss:1  | Toastz the Hill Orc Abyssal Knight began the quest for the
                  | Orb.
     0 | Abyss:1  | Reached XP level 1. HP: 19/19 MP: 2/2
   105 | Abyss:1  | Noticed a small abomination
   105 | Abyss:1  | Noticed a neqoxec
   106 | D:1      | Escaped the Abyss
   151 | D:1      | Reached skill level 3 in Axes
   166 | D:1      | Reached XP level 2. HP: 24/27 MP: 3/3
   318 | D:1      | Reached ** piety under Lugonu
   678 | D:1      | Reached skill level 4 in Axes
   679 | D:1      | Reached XP level 3. HP: 23/33 MP: 4/4
  1155 | D:1      | Got the Papyrus of Cloudy Snow
  1349 | D:1      | Found a faded altar of an unknown god.
  1476 | D:2      | Found a stormy altar of Qazlal.
  1844 | D:2      | Reached XP level 4. HP: 41/41 MP: 5/5
  2093 | D:2      | Reached skill level 5 in Axes
  2168 | D:3      | Identified the ring of Vofohen {rElec rF+ rC+ rN++}
  2390 | D:3      | HP: 2/41 [orc priest/+0 short sword (4)]
  2398 | D:3      | Reached XP level 5. HP: 35/47 MP: 6/6
  2403 | D:3      | Reached skill level 6 in Axes
  2702 | D:3      | Reached *** piety under Lugonu
  2747 | D:3      | Found a hazy altar of Hepliaklqana.
  2924 | D:3      | Reached skill level 5 in Fighting
  3604 | D:4      | Found a white marble altar of Elyvilon.
  3764 | D:4      | Reached XP level 6. HP: 44/56 MP: 7/7
  3892 | D:4      | Reached skill level 7 in Axes
  4267 | D:4      | Found an ornate altar of the Wu Jian Council.
  4309 | D:4      | Found a runed translucent gate.
  4309 | D:4      | Found a runed translucent gate.
  4309 | D:4      | Found a runed translucent gate.
  4515 | D:4      | Noticed Radamante's ghost (amateur MiAK)
  4618 | D:5      | Entered Level 5 of the Dungeon
  4628 | D:5      | Reached XP level 7. HP: 61/62 MP: 9/9
  4784 | D:5      | Noticed Menkaure
  4791 | D:5      | Banished Menkaure
  4792 | D:5      | Reached skill level 8 in Axes
  5485 | D:5      | Reached XP level 8. HP: 71/71 MP: 11/11
  5602 | D:5      | Found a shimmering blue altar of Sif Muna.
  5608 | D:5      | Reached skill level 9 in Axes
  5620 | D:5      | Reached skill level 5 in Invocations
  5802 | D:5      | Got Sif Muna's Incunabulum of Stolen Souls
  5807 | D:5      | Found a bloodstained altar of Trog.
  5914 | D:5      | Found a glowing golden altar of the Shining One.
  7036 | D:6      | Reached skill level 10 in Axes
  7967 | D:6      | Reached **** piety under Lugonu
  8115 | D:7      | Found a broken altar of Ashenzari.
  8120 | D:7      | Found an iron altar of Okawaru.
  8123 | D:7      | Found a hide-covered altar of Uskayaw.
  8123 | D:7      | Found a basalt altar of Yredelemnul.
  8168 | D:7      | Found a glowing silver altar of Zin.
  8233 | D:7      | Noticed a wyvern
  8240 | D:7      | Reached skill level 1 in Shields
  8247 | D:7      | Reached XP level 9. HP: 51/80 MP: 13/13
  8550 | D:7      | Found a sparkling altar of Nemelex Xobeh.
  8550 | D:7      | Found a transporter.
  8550 | D:7      | Noticed a two-headed ogre
  8603 | D:7      | Found a staircase to the Ecumenical Temple.
  8721 | D:7      | Reached skill level 11 in Axes
  8857 | D:7      | Identified the +0 pair of boots of Lifelessness {Drain
                  | rF+++ rN+ Str-2}
  9373 | D:7      | Found Enenee's Book Emporium.
  9875 | D:8      | Reached skill level 12 in Axes
 10110 | D:8      | Found a staircase to the Lair.
 10110 | D:8      | Noticed an elephant
 10751 | D:8      | Banished an elephant
 10938 | D:8      | Reached skill level 13 in Axes
 11068 | D:8      | Reached XP level 10. HP: 65/91 MP: 14/14
 11602 | D:8      | Reached skill level 5 in Shields
 12093 | D:8      | Reached skill level 14 in Axes
 12402 | D:8      | Reached skill level 10 in Fighting
 13236 | D:9      | Got the Incunabulum of the Rocks
 13315 | D:9      | Found a blossoming altar of Fedhas.
 13370 | D:9      | Found a radiant altar of Vehumet.
 13748 | D:10     | Entered Level 10 of the Dungeon
 13842 | D:10     | Reached skill level 5 in Armour
 13916 | D:10     | Noticed a two-headed ogre
 13926 | D:10     | Killed a two-headed ogre
 13927 | D:10     | Reached skill level 15 in Axes
 13927 | D:10     | Reached XP level 11. HP: 39/104 MP: 15/15
 14053 | D:10     | Noticed a two-headed ogre
 14085 | D:10     | Killed a two-headed ogre
 14086 | D:10     | Reached skill level 1 in Dodging
 14668 | D:10     | Found a snail-covered altar of Cheibriados.
 15089 | Lair:1   | Entered Level 1 of the Lair of Beasts
 15244 | Lair:1   | Noticed Grum
 15247 | Lair:1   | Reached ***** piety under Lugonu
 15661 | Lair:1   | Killed Grum
 16051 | Lair:1   | Reached skill level 16 in Axes
 16999 | Lair:2   | Noticed an eight-headed hydra
 17005 | Lair:2   | Banished an eight-headed hydra
 17015 | Lair:2   | Reached XP level 12. HP: 105/116 MP: 13/17
 17636 | Lair:2   | Noticed a four-headed hydra
 18121 | Lair:2   | HP: 4/117 [five-headed hydra (7)]
 18121 | Lair:2   | Slain by a five-headed hydra

Illustrated notes

Levels and vault maps discovered:
D:1:      dpeg_arrival_houses_and_road, layout_loops_ring,
          hellmonk_ecumenical_altar_run_dry, minmay_pentomino_w4
D:2:      layout_basic, basic_altar, palyth_stone_intersect,
          minmay_misc_feat_room, minmay_misc_feat_square
D:3:      layout_loops_corners, nzn_hepliaklqana_mist_gate
D:4:      layout_gridville, nicolae_elyvilon_temple_path,
          nicolae_wu_jian_immortal_techniques, gammafunk_ghost_nasty_kobolds
D:5:      layout_layer_cave, nzn_overflow_gifts_of_might_and_magic,
          mainiacjoe_overflow_concentric_impassable, uniq_menkaure
D:6:      layout_basic, kennysheep_dice
D:7:      layout_basic, grunt_nemelex_the_gamble,
          nicolae_overflow_hallway_of_the_gods, minmay_temple_entry_nine_rooms,
          serial_shops, nicolae_shop_temple_entry_statues_fountains
D:8:      kennysheep_seaside_town, layout_loops_corners, david_lair_generic
D:9:      layout_rooms, fedhas_altar_2, vehumet_altar_wand_db
D:10:     layout_gridville, lemuel_doored_altar
D:11:     layout_gridville, erik_orc_1, gammafunk_ghost_ooze,
          gauntlet_entry_generic
Lair:1:   layout_small_grid, uniq_grum
Lair:2:   layout_small_grid, palyth_hydra_swamp_entry, special_room
          [special_room_bee], nicolae_quartered_pool_impasse,
          chequers_serial_rivers_micro_c, lemuel_old_faithful

Skill      XL: |  1  2  3  4  5  6  7  8  9 10 11 12 |
---------------+-------------------------------------+-----
Axes           | 3 4 5 6 7 8 10 13 15 16 | 16.0
Fighting       | 4 5 6 7 9 11 13 14 | 14.2
Invocations    | 3 4 6 7 8 |  8.6
Armour         | 3 5 |  5.0
Shields        | 1 4 5 |  5.0
Dodging        | 3 |  3.0

Action                   |  1- 3 |  4- 6 |  7- 9 | 10-12 || total
-------------------------+-------+-------+-------+-------++-------
Melee: Hand axe          |   132 |   104 |   235 |    88 ||   559
       Punch             |       |     3 |     2 |       ||     5
       Battleaxe         |       |       |       |   198 ||   198
       Dire flail        |       |       |       |    14 ||    14
Throw: Stone             |     3 |    26 |     2 |       ||    31
       Dart              |       |    15 |    53 |    87 ||   155
       Boomerang         |       |       |       |     4 ||     4
Invok: Depart the Abyss  |     1 |       |       |       ||     1
       Banish            |       |       |     2 |     2 ||     4
Evoke: Wand              |       |     2 |       |       ||     2
  Use: Potion            |       |     3 |       |       ||     3
       Scroll            |       |     3 |     6 |     8 ||    17
 Stab: Sleeping          |     1 |       |       |       ||     1
Armor: Leather armour    |     7 |       |       |       ||     7
       Ring mail         |    48 |    10 |       |       ||    58
       Scale mail        |       |    34 |   131 |       ||   165
       Steam dragon scal |       |       |    16 |    20 ||    36
       Troll leather arm |       |       |       |    17 ||    17
       Acid dragon scale |       |       |       |    94 ||    94
Dodge: Dodged            |    61 |    54 |   126 |   175 ||   416
Block: Buckler           |       |       |    19 |    16 ||    35

Table legend: (Time is in decaauts)
 A = Elapsed time spent in this place.
 B = Non-inter-level travel time spent in this place.
 C = Inter-level travel time spent in this place.
 D = Time resting spent in this place.
 E = Time spent auto-exploring this place.
 F = Levels seen in this place.
 G = Mean time per level.
                   A        B        C        D        E       F      G
               +--------+--------+--------+--------+--------+-----+--------+
         Total |  18054 |  17249 |    805 |   4563 |  10328 |  14 | 1289.6 |
       Dungeon |  15496 |  14757 |    739 |   3773 |   8928 |  11 | 1408.7 |
          Lair |   2451 |   2386 |     65 |    790 |   1295 |   2 | 1225.5 |
         Abyss |    106 |    106 |      0 |      0 |    105 |   1 |  106.0 |
               +--------+--------+--------+--------+--------+-----+--------+

Top non-repeatable levels by time:
     D:8: 3387 daAuts
     D:7: 1929 daAuts
     D:5: 1844 daAuts
  Lair:1: 1842 daAuts
     D:4: 1672 daAuts
     D:6: 1452 daAuts
     D:1: 1361 daAuts
    D:10: 1270 daAuts
     D:3: 1173 daAuts
     D:2: 706 daAuts
     D:9: 654 daAuts
  Lair:2: 608 daAuts
 Abyss:1: 106 daAuts
    D:11: 44 daAuts
